 Dungeon Crawl Stone Soup version 0.29-a0-319-gad05b8d819 (webtiles) character file.

Game seed: 10667748259264248405

14 Leszczynek the Charlatan (level 2, -2/34 HPs)
             Began as a Palentonga Wanderer on Apr 1, 2022.
             Frozen to death by an endoplasm (5 damage)
             ... on level 1 of the Dungeon.
             The game lasted 00:01:42 (181 turns).

Leszczynek the Charlatan (Palentonga Wanderer)       Turns: 181, Time: 00:01:43

Health: -2/34      AC: 21    Str: 16    XL:     2   Next: 27%
Magic:  3/3        EV:  1    Int: 11    God:
Gold:   0          SH:  0    Dex:  9    Spells: 3/3 levels left

rFire   . . .      SeeInvis +   a - +0 dagger
rCold   . . .      Faith    .   (no shield)
rNeg    . . .      Spirit   .   (body armour currently unavailable)
rPois   +          Reflect  .   (helmet currently unavailable)
rElec   .          Harm     .   (cloak currently unavailable)
rCorr   .          Rampage  .   (gloves currently unavailable)
Will    .....      NoTele   +   (no barding)
Stlth   +.........              (no amulet)
HPRegen 0.11/turn               (no ring)
MPRegen 0.08/turn               (no ring)

@: tree-form
A: stationary, stasis, torment immunity, boosted hp, large, rugged brown scales
3, see invisible, (deformed body), (roll 1), (armoured tail)
a: no special abilities


You were on level 1 of the Dungeon.
You were a tree.
You visited 1 branch of the dungeon, and saw 1 of its levels.

Inventory:

Hand Weapons
 a - a +0 dagger (weapon)
Missiles
 c - 3 poisoned darts (quivered)
 h - 3 throwing nets
Armour
 f - a +0 leather armour (melded)
Wands
 d - a wand of iceblast (2)
Scrolls
 e - a scroll of fear
 g - a scroll of torment {unknown}
Potions
 b - a potion of lignification {!q}


   Skills:
 * Level 2.3 Fighting
 + Level 1.4 Throwing
 - Level 1.0 Armour
 - Level 1.0 Dodging
 - Level 1.0 Spellcasting
 - Level 3.6 Evocations


You had 3 spell levels left.
You didn't know any spells.
Your spell library was empty.

Dungeon Overview and Level Annotations

Branches:
Dungeon (1/15)

Altars:


Innate Abilities, Weirdness & Mutations

You are a tree.
Your roots penetrate the ground, keeping you stationary.
You cannot be teleported.
You are immune to unholy pain and torment.
Your maximum health is greatly increased.
Your equipment is partially melded.
(You are completely covered in rugged brown scales. (AC +3, +7% HP))
You have supernaturally acute eyesight. (SInv)
((Armour fits poorly on your strangely shaped body.))
((You can roll at nearby foes to attack.))
((You have a long armoured tail.))


Message History

You hit the goblin but do no damage.
The goblin is heavily wounded.
The goblin hits you but does no damage.
You closely miss the goblin.
The goblin is heavily wounded.
The goblin hits you but does no damage.
You closely miss the goblin.
The goblin is heavily wounded.
The goblin hits you with a +0 dagger.
You hit the goblin.
You kill the goblin!
You completely miss the endoplasm.
The endoplasm hits you but does no damage.
You hit the endoplasm but do no damage.
The endoplasm hits you but does no damage.
You barely miss the endoplasm.
The endoplasm hits you but does no damage.
You hit the endoplasm.
The endoplasm is lightly wounded.
The endoplasm freezes you.
You are frozen.
* * * LOW HITPOINT WARNING * * *
You hit the endoplasm but do no damage.
The endoplasm is lightly wounded.
The endoplasm hits you but does no damage.
Unknown command.
You barely miss the endoplasm.
The endoplasm is lightly wounded.
The endoplasm hits you.
* * * LOW HITPOINT WARNING * * *
You hit the endoplasm but do no damage.
The endoplasm is lightly wounded.
The endoplasm freezes you.
You are frozen.
* * * LOW HITPOINT WARNING * * *
You completely miss the endoplasm.
The endoplasm is lightly wounded.
The endoplasm freezes you.
You are frozen.
You die...

#.#...).......#.#
#.##..####.#..#
#.##..# #.#..#
#.##.># #.#..#
#.###.####.#..# #
#.# #.#....#..#
... #.####.#..#
.....###.####.#..#
..(..(J♣.........#
########.######..#
..........#
#########..#.#
.............#
######.♣♣♣♣♣♣♣♣♣
#.♣<......♣
#.♣.PPPPP.♣
#...P≈≈≈P.♣


You could see an endoplasm.

Vanquished Creatures
  A dart slug (D:1)
  2 goblins (D:1)
  2 hobgoblins (D:1)
  4 jackals (D:1)
9 creatures vanquished.

Notes
Turn   | Place    | Note
-------+----------+-------------------------------------------
     0 | D:1      | Leszczynek the Palentonga Wanderer began the quest for the
                  | Orb.
     0 | D:1      | Leszczynek set off with the following items: a +0 dagger, a
                  | potion of lignification {!q}, 8 poisoned darts, a wand of
                  | iceblast (2), a scroll of fear, a +0 leather armour
     0 | D:1      | Reached XP level 1. HP: 16/16 MP: 2/2
    61 | D:1      | Reached skill level 2 in Fighting
   154 | D:1      | Reached XP level 2. HP: 12/23 MP: 3/3
   180 | D:1      | HP: 3/34 [frozen (5)]
   181 | D:1      | Frozen to death by an endoplasm

Illustrated notes

Levels and vault maps discovered:
D:1:      tarquinn_simple_flora_water_a, layout_basic, minmay_tripent

Skill      XL: |  1 |
---------------+----+-----
Fighting       | 2 |  2.3
Throwing       | |  1.4
Armour         | |  1.0
Dodging        | |  1.0
Spellcasting   | |  1.0
Evocations     | |  3.6

Action                   || total
-------------------------++-------
Melee: Dagger            ||    42
       Tailslap          ||     2
Throw: Dart              ||    13
  Use: Potion            ||     1
Armor: Leather armour    ||    14
       Skin              ||     9
Dodge: Dodged            ||    12

Table legend: (Time is in decaauts)
 A = Elapsed time spent in this place.
 B = Non-inter-level travel time spent in this place.
 C = Inter-level travel time spent in this place.
 D = Time resting spent in this place.
 E = Time spent auto-exploring this place.
 F = Levels seen in this place.
 G = Mean time per level.
                   A        B        C        D        E       F      G
               +--------+--------+--------+--------+--------+-----+--------+
         Total |    180 |    180 |      0 |      0 |      0 |   1 |  180.0 |
       Dungeon |    180 |    180 |      0 |      0 |      0 |   1 |  180.0 |
               +--------+--------+--------+--------+--------+-----+--------+

Top non-repeatable levels by time:
     D:1: 180 daAuts
